 Seeded DCSS version 0.30.1-9-gdf580d7c3d (webtiles) character file.

Game seed: 6351066067085065685 (custom seed)

43 Esekla the Magician (level 3, -1/19 HPs)
             Began as a Deep Elf Wanderer on Oct 16, 2023.
             Was an Initiate of Vehumet.
             Slain by a hound (5 damage)
             ... on level 3 of the Dungeon.
             The game lasted 00:11:50 (1572 turns).

Esekla the Magician (Deep Elf Wanderer)             Turns: 1572, Time: 00:11:50

Health: -1/19      AC:  4    Str: 11    XL:     3   Next: 37%
Magic:  2/11       EV: 11    Int: 19    God:    Vehumet [......]
Gold:   154        SH:  4    Dex: 14    Spells: 5/12 levels left

rFire   . . .        s - +5 rapier of the Hero {heavy, rN+ Dex+3}
rCold   . . .        d - +0 buckler
rNeg    + . .        c - +0 robe
rPois   .            k - +0 helmet
rElec   .            (no cloak)
rCorr   .            j - +0 pair of gloves
SInv    .            (no boots)
Will    .....        (no amulet)
Stlth   ++           (no ring)
HPRegen 0.23/turn    (no ring)
MPRegen 0.12/turn

%: no passive effects
@: attractive, very slightly contaminated
A: no striking features
a: Renounce Religion


You were on level 3 of the Dungeon.
You worshipped Vehumet.
Vehumet was noncommittal.
You visited 1 branch of the dungeon, and saw 4 of its levels.

You collected 154 gold pieces.

Inventory:

Hand Weapons
 a - a +1 short sword of freezing
 s - the +5 rapier of the Hero (weapon) {heavy, rN+ Dex+3}
   (You found it on level 3 of the Dungeon)

   Dex:       It affects your dexterity (+3).
   rN:        It protects you from negative energy.
Armour
 c - a +0 robe (worn)
 d - a +0 buckler (worn)
 j - a +0 pair of gloves (worn)
 k - a +0 helmet (worn)
Wands
 p - a wand of roots (9)
Scrolls
 g - 3 scrolls of identify {unknown}
 m - a scroll of amnesia {unknown}
 n - a scroll of enchant armour {unknown}
 q - a scroll of immolation {unknown}
 r - 2 scrolls of enchant weapon {unknown}
Potions
 b - a potion of lignification
 e - a potion of ambrosia {unknown}
 f - a potion of attraction
 h - a potion of heal wounds {unknown}
 l - a potion of mutation {unknown}
 o - a potion of haste {unknown}


   Skills:
 + Level 0.7 Short Blades
 * Level 1.5 Dodging
 + Level 1.2 Stealth
 + Level 1.5 Shields
 * Level 5.1 Spellcasting
 + Level 0.4 Conjurations
 * Level 1.2 Necromancy
 + Level 2.5 Translocations
 + Level 1.0 Invocations


You had 5 spell levels left.
You knew the following spells:

 Your Spells              Type           Power      Damage    Failure   Level
a - Magic Dart            Conj           24%        1d4       16%         1
b - Blink                 Tloc           28%        N/A       10%         2
d - Vampiric Draining     Necr           9%         2d6       32%         3
p - Apportation           Tloc           28%        N/A       6%          1

Your spell library contained the following spells:

 Spells                   Type           Power      Damage    Failure   Level
 Lesser Beckoning         Tloc           28%        N/A       10%         2
 Ignite Poison            Fire/Tmut/Pois 4%         N/A       47%         3


Dungeon Overview and Level Annotations

Branches:
Dungeon (4/15)
 Temple: D:4-7

Altars:
Okawaru
Qazlal
Vehumet
Zin

Shops:
D:2 =   D:4 (


Message History

You miss the adder.
The adder is severely wounded.
The adder bites you. The adder closely misses you.
The adder bites you but does no damage.
You closely miss the adder.
The adder is severely wounded.
The adder bites you. The adder misses you.
You closely miss the adder.
The adder is severely wounded.
The adder bites you but does no damage. The adder misses you.
Casting: Vampiric Draining (astonishingly dangerous; 34% risk of failure)
Confirm with . or Enter, or press ? or * to list all spells.
The spell is astonishingly dangerous to miscast (34% risk of failure)!
Continue anyway?
Aiming: Vampiric Draining (astonishingly dangerous; 34% risk of failure)
Press: ? - help, Shift-Dir - straight line, f/p - adder
Aim: an adder (severely wounded)
You miscast Vampiric Draining.
You are very lightly contaminated with residual magic.
The world around you seems to dim momentarily.
You partially resist.
You feel drained. The adder bites you but does no damage.
You block the adder's attack.
Casting: Vampiric Draining (astonishingly dangerous; 34% risk of failure)
Confirm with . or Enter, or press ? or * to list all spells.
The spell is astonishingly dangerous to miscast (34% risk of failure)!
Continue anyway?
Aiming: Vampiric Draining (astonishingly dangerous; 34% risk of failure)
Press: ? - help, Shift-Dir - straight line, f/p - adder
Aim: an adder (severely wounded)
You miscast Vampiric Draining.
Nothing appears to happen.
You block the adder's attack.
You puncture the adder!
You kill the adder!
Vehumet accepts your kill. The hound bites you but does no damage.
The hound bites you.
Your life force feels restored.
You closely miss the hound. The hound barely misses you. The hound bites you.
* * * LOW HITPOINT WARNING * * *
You hit the hound.
The hound is moderately wounded.
You block the hound's attack. The hound barely misses you. The hound bites you.
You die...

##.......### #..........#
#######....# #....# #....#
#....# # #....# ...
##############....###.....
#<..........@h..........._
##############.####.##....
#.# .# . #.# .. #.# ##.
#.# #. #.# .. #.# #. #.#


You could see a hound.

Vanquished Creatures
  2 adders
  A dart slug (D:3)
  3 orcs (D:3)
  An endoplasm (D:3)
  3 goblins
  3 hobgoblins
  A ball python (D:3)
  3 bats
  3 kobolds
  A rat (D:2)
21 creatures vanquished.

Notes
Turn   | Place    | Note
-------+----------+-------------------------------------------
     0 | D:1      | Esekla the Deep Elf Wanderer began the quest for the Orb.
     0 | D:1      | Esekla set off with the following items: a +0 club, a
                  | potion of lignification, a +0 robe, a +0 buckler; and the
                  | following spells available to memorise: Apportation, Blink,
                  | Lesser Beckoning, Magic Dart, Ignite Poison, Vampiric
                  | Draining.
     0 | D:1      | Reached XP level 1. HP: 10/10 MP: 7/7
     2 | D:1      | Learned a level 1 spell: Magic Dart
     4 | D:1      | Learned a level 1 spell: Apportation
   332 | D:4      | Found a radiant altar of Vehumet.
   340 | D:4      | Found an iron altar of Okawaru.
   351 | D:4      | Found a glowing silver altar of Zin.
   499 | D:4      | Became a worshipper of Vehumet
   736 | D:3      | Reached XP level 2. HP: 9/15 MP: 9/9
   739 | D:3      | Learned a level 2 spell: Blink
   877 | D:2      | Found Renulab's Jewellery Shop.
   903 | D:3      | Identified the +5 rapier of the Hero {heavy, rN+ Dex+3}
  1036 | D:3      | Reached skill level 5 in Spellcasting
  1081 | D:3      | Reached skill level 1 in Necromancy
  1133 | D:3      | Reached skill level 1 in Dodging
  1205 | D:4      | Found Ponaysk's Antique Weapon Boutique.
  1315 | D:2      | Noticed a black bear
  1436 | D:2      | Reached XP level 3. HP: 19/19 MP: 7/11
  1440 | D:2      | Learned a level 3 spell: Vampiric Draining
  1550 | D:3      | Found a stormy altar of Qazlal.
  1572 | D:3      | Slain by a hound

Illustrated notes

Levels and vault maps discovered:
D:1:      sevenhm_arrival_forest_fort_small_3, layout_rooms,
          chequers_serial_rivers_room_b, minmay_misc_feat_five
D:2:      layout_loops_ring, dreamdust_ecumenical_altar_angels_and_demons,
          serial_shops, shop
D:3:      layout_basic, grunt_temple_overflow_open, minmay_misc_feat_iff
D:4:      layout_basic, nicolae_overflow_quartered_altars, serial_shops,
          nicolae_diamond_shop

Skill      XL: |  1  2 |
---------------+-------+-----
Spellcasting   | 5 |  5.1
Necromancy     | 1 |  1.2
Dodging        | 1 |  1.5
Short Blades   | |  0.7
Stealth        | |  1.2
Shields        | |  1.5
Conjurations   | |  0.4
Translocations | |  2.5
Invocations    | |  1.0

Action                     || total
---------------------------++-------
  Melee: Short sword       ||    19
         Rapier            ||    19
   Cast: Magic Dart        ||    28
         Apportation       ||    22
         Vampiric Draining ||     1
    Use: Scroll            ||     1
         Potion            ||     2
   Stab: Sleeping          ||     1
 Armour: Robe              ||    32
  Dodge: Dodged            ||    54
  Block: Buckler           ||    20
